 Dungeon Crawl Stone Soup version 0.28-a0-461-g2dc4ca5097 (webtiles) character file.

Game seed: 6467978970428207616

29 robertstho the Magician (level 3, -2/25 HPs)
             Began as a Djinni Fire Elementalist on Sept 13, 2021.
             Frozen to death by an endoplasm (6 damage)
             ... on level 1 of the Dungeon.
             The game lasted 00:02:14 (2032 turns).

robertstho the Magician (Djinni Fire Elementalist)  Turns: 2032, Time: 00:02:14

Health: -2/25      AC:  2    Str:  7    XL:     3   Next: 32%
Gold:   7          EV: 12    Int: 17    God:
                   SH:  0    Dex: 13

rFire   + + .      SeeInvis .   b - +0 dagger
rCold   x . .      Faith    .   (no shield)
rNeg    . . .      Spirit   .   a - +0 robe
rPois   ∞          Reflect  .   (no helmet)
rElec   .          Harm     .   (no cloak)
rCorr   .          Rampage  .   (no gloves)
Will    .....                   (boots unavailable)
Stlth   ++........              (no amulet)
HPRegen 0.08/turn               (no ring)
MPRegen 0.00/turn               (no ring)

@: flying
A: sickness immunity, fire resistance 2, cold vulnerability 1, float, innate
caster, hp casting, extra vitality 1
a: no special abilities


You were on level 1 of the Dungeon.
You visited 1 branch of the dungeon, and saw 2 of its levels.

You collected 49 gold pieces.
You spent 42 gold pieces at shops.

Inventory:

Hand Weapons
 b - a +0 dagger (weapon)
Armour
 a - a +0 robe (worn)
Scrolls
 d - a scroll of fog
Potions
 c - a potion of cancellation {unknown}
 e - 2 potions of flight {unknown}
 f - a potion of curing {unknown}


   Skills:
 + Level 0.3 Short Blades
 + Level 2.4 Dodging
 + Level 1.7 Stealth
 + Level 3.1 Spellcasting


You couldn't memorise any spells.
You knew the following spells:

 Your Spells              Type           Power      Damage    Failure   Level
a - Foxfire               Conj/Fire      52%        2x1d6     4%          1
b - Scorch                Fire           26%        2d6       8%          2
c - Conjure Flame         Conj/Fire      13%        6-21      14%         3
d - Inner Flame           Hex/Fire       13%        N/A       14%         3
e - Flame Wave            Conj/Fire      13%        3d5       43%         4
f - Freeze                Ice            52%        1d7       4%          1
Your spell library was empty.

Dungeon Overview and Level Annotations

Branches:
Dungeon (2/15)

Altars:

Shops:
D:1 *(   D:2 !

Annotations:
D:2 Good shop, Terence


Innate Abilities, Weirdness & Mutations

You are immune to sickness and miasma.
You are immune to poison.
Your flesh is very heat resistant. (rF++)
You are vulnerable to cold. (rC-)
You float through the air rather than walking.
You learn spells naturally, not from books.
Your magical power is your life essence.
You have superior vitality. (+4 HP)


Message History

The power to cast Freeze wells up from within.
Spell assigned to 'f'.
HP restored.
Found Olienk's Distillery.
There is an entrance to Olienk's Distillery here.
Annotate which branch? (. - D:2, ? - help, ! - show branch list) New annotation for D:2 (include '!' for warning): Good shop An endoplasm comes into view.
An endoplasm is nearby!
An endoplasm is nearby!
An endoplasm is nearby!
An endoplasm is nearby!
An endoplasm is nearby!
Terence the Incautious comes into view.
He is wielding a +0 flail.
Terence shouts!
The endoplasm quivers.
A goblin and a dart slug come into view.
The endoplasm freezes you.
You are frozen.
You feel a terrible chill! Terence barely misses you.
You hit Terence but do no damage. The endoplasm hits you.
Terence hits you with a +0 flail!
Unknown command.
An adder comes into view.
The adder hisses angrily.
Terence screams, "I want your blood!"
There is a stone staircase leading up here.
The endoplasm freezes you.
You are frozen.
You feel a terrible chill!
* * * LOW HITPOINT WARNING * * *
You fly upwards.
There is a stone staircase leading down here.
Casting: Foxfire (safe; 4% risk of failure)
Confirm with . or Enter, or press ? or * to list all spells.
Flames lash the endoplasm.
The endoplasm is heavily wounded.
The endoplasm's fire resistance burns away.
* * * LOW HITPOINT WARNING * * *
The endoplasm freezes you.
You are frozen.
You feel a terrible chill!
You die...

..#######.......................#
..# #...#####........>......# ..#
#...# #...####........# ..# #...#
#...# #...##...#
..#######.[.#####...####...##...#
................................#
................................#
##############.##################
................@###...........#
#########..###..J..............#
##.# #.#.###.###########
#.###.#.#.#.#
#..##.#.#.#.############
##.##.#...#.............
###########.##.#.#.########...###
#.........................#.#.#
#.#########..#...#.######.#.#.#


You could see an endoplasm (combustible).

Vanquished Creatures
  An adder (D:2)
  2 dart slugs (D:1)
  2 endoplasms (D:1)
  2 giant cockroaches (D:1)
  A goblin (D:1)
  3 quokkas (D:1)
  2 ball pythons (D:1)
  A frilled lizard (D:1)
  A rat (D:1)
15 creatures vanquished.

Vanquished Creatures (others)
  70 foxfires
70 creatures vanquished.

Grand Total: 85 creatures vanquished

Notes
Turn   | Place    | Note
-------+----------+-------------------------------------------
     0 | D:1      | robertstho the Djinni Fire Elementalist began the quest for
                  | the Orb.
     0 | D:1      | Reached XP level 1. HP: 15/15 MP: 0/0
   702 | D:1      | Reached XP level 2. HP: 19/21 MP: 0/0
  1140 | D:1      | Found Ysewoini's General Store.
  1198 | D:1      | Bought a scroll of fog for 28 gold pieces
  1198 | D:1      | Bought a scroll of noise for 14 gold pieces
  1228 | D:1      | Found a faded altar of an unknown god.
  1733 | D:1      | Found Vistuot's Antique Weapon Shoppe.
  1968 | D:2      | Reached skill level 3 in Spellcasting
  1968 | D:2      | Reached XP level 3. HP: 24/25 MP: 0/0
  1968 | D:2      | Learned a level 1 spell: Freeze
  1984 | D:2      | Found Olienk's Distillery.
  2001 | D:2      | Noticed Terence
  2032 | D:1      | Frozen to death by an endoplasm

Illustrated notes

Levels and vault maps discovered:
D:1:      dpeg_arrival_boxorama, layout_basic, chequers_ecumenical_altar_lobes,
          serial_shops, shop, nicolae_lakefront_shop, minivault_4,
          grunt_decor_one_mirror, serial_park_tiny_2
D:2:      layout_basic, basic_altar, serial_shops, shop, shop, st_stairs_11,
          uniq_sigmund, uniq_terence

Skill      XL: |  1  2 |
---------------+-------+-----
Spellcasting   | 3 |  3.1
Short Blades   | |  0.3
Dodging        | |  2.4
Stealth        | |  1.7

Action                   || total
-------------------------++-------
Melee: Unarmed           ||     6
       Dagger            ||     2
 Cast: Foxfire           ||    41
       Scorch            ||     4
 Stab: Sleeping          ||     1
Armor: Robe              ||     2
Dodge: Dodged            ||    11

Table legend: (Time is in decaauts)
 A = Elapsed time spent in this place.
 B = Non-inter-level travel time spent in this place.
 C = Inter-level travel time spent in this place.
 D = Time resting spent in this place.
 E = Time spent auto-exploring this place.
 F = Levels seen in this place.
 G = Mean time per level.
                   A        B        C        D        E       F      G
               +--------+--------+--------+--------+--------+-----+--------+
         Total |   2031 |   1994 |     37 |      0 |   1845 |   2 | 1015.5 |
       Dungeon |   2031 |   1994 |     37 |      0 |   1845 |   2 | 1015.5 |
               +--------+--------+--------+--------+--------+-----+--------+

Top non-repeatable levels by time:
     D:1: 1937 daAuts
     D:2: 94 daAuts
